 Dungeon Crawl Stone Soup version 0.22-a0-301-gf0fe05c (webtiles) character file.

103 vishdafish the Skirmisher (level 4, -16/29 HPs)
             Began as a Gargoyle Fighter on Mar 26, 2018.
             Killed from afar by Ijyb (17 damage)
             ... with a wand of acid (9)
             ... on level 3 of the Dungeon.
             The game lasted 00:03:38 (2150 turns).

vishdafish the Skirmisher (Gargoyle Fighter)        Turns: 2150, Time: 00:03:39

Health: -16/29     AC: 11    Str: 20    XL:     4   Next: 79%
Magic:  4/4        EV:  7    Int:  9    God:
Gold:   82         SH:  9    Dex:  9    Spells: 3/3 levels left

rFire    . . .     SeeInvis .   a - +0 long sword
rCold    . . .     Gourm    .   c - +0 shield
rNeg     + . .     Faith    .   b - +0 scale mail
rPois    ∞         Spirit   .   o - +0 helmet
rElec    +         Reflect  .   (no cloak)
rCorr    .         Harm     .   (no gloves)
MR       .....                  (no boots)
Stlth    ..........             n - amulet of the acrobat
HPRegen  0.09/turn              j - ring of wizardry
MPRegen  0.09/turn              (no ring)

@: no status effects
A: negative energy resistance 1, electricity resistance, unbreathing,
petrification resistance, rot immunity, AC +3
a: no special abilities


You were on level 3 of the Dungeon.
You were not hungry.

You visited 1 branch of the dungeon, and saw 3 of its levels.

You collected 82 gold pieces.

Inventory:

Hand Weapons
 a - a +0 long sword (weapon)
Armour
 b - a +0 scale mail (worn)
 c - a +0 shield (worn)
 o - a +0 helmet (worn)
 q - a +1 hat
Jewellery
 j - a ring of wizardry (left hand)
 n - an amulet of the acrobat (around neck)
Wands
 i - a wand of acid (11)
Scrolls
 h - a scroll of fog {unknown}
 m - a scroll of fear {unknown}
 s - 2 scrolls of identify {unknown}
Potions
 d - 2 potions of might
 e - a potion of invisibility {unknown}
 g - 5 potions of curing {unknown}
 l - a potion of brilliance {unknown}
 p - a potion of flight {unknown}
Comestibles
 f - 3 rations
 r - 7 chunks of flesh


   Skills:
 + Level 3.9 Fighting
 * Level 3.1 Long Blades
 + Level 3.9 Armour
 + Level 3.9 Shields


You had 3 spell levels left.
You didn't know any spells.

Dungeon Overview and Level Annotations

Branches:
Dungeon (3/15)

Altars:
Ashenzari
Wu Jian

Annotations:
D:3 Ijyb


Innate Abilities, Weirdness & Mutations

You are resistant to torment.
Your stone body is resilient. (AC +3)
You are immune to poison.
You resist negative energy. (rN+)
You are resistant to electric shocks. (rElec)
You can survive without breathing.
You are immune to petrification.
You are immune to rotting.


Message History

Ijyb the Twisted Goblin comes into view.
She is wielding a club.
Ijyb shouts!
Ijyb is nearby!
Ijyb zaps a wand.
The bolt of acid hits you!
You are splashed with acid!
The acid burns!
* * * LOW HITPOINT WARNING * * *
It is a wand of acid (9).
Found 18 stones.
You are too injured to fight recklessly!
You are too injured to fight recklessly!
You are too injured to fight recklessly!
You are too injured to fight recklessly!
You are too injured to fight recklessly!
Throwing (i - inventory)
k - a throwing net (quivered)
Press: ? - help, Shift-Dir - straight line, f - Ijyb
Aim: Ijyb, wielding a club, wearing a ring mail and carrying a wand of acid (9)
You throw a throwing net. The throwing net hits Ijyb.
Ijyb is caught in the net!
Ijyb zaps a wand.
The bolt of acid hits you!
Ouch! That really hurt!
You die...

.... ##.#.(.. #...
#..#.... #..#
#......_
#..########..#....
#............#.... (
##.######..#.##...
#.. #.# #..#.####.
.....###.# #..#......
#...@.######..#####.#
#.............#####.#
#g#.###.####........#
.. #. .# #.#####.##
## #. # #.#####.# #.
#.......# #.
######### #.


You could see Ijyb (caught).

Vanquished Creatures
  Robin (D:2)
  An ooze (D:1)
  4 worms (D:2)
  A dart slug (D:1)
  A leopard gecko (D:2)
  4 orcs
  4 giant cockroaches
  16 goblins
  4 hobgoblins
  10 jackals
  A quokka (D:2)
  5 bats
  A frilled lizard (D:3)
  6 kobolds
  3 rats
62 creatures vanquished.

Notes
Turn   | Place    | Note
-------+----------+-------------------------------------------
     0 | D:1      | vishdafish the Gargoyle Fighter began the quest for the Orb.
     0 | D:1      | Reached XP level 1. HP: 14/14 MP: 1/1
   348 | D:1      | Reached XP level 2. HP: 17/19 MP: 2/2
   442 | D:1      | Reached XP level 3. HP: 20/23 MP: 3/3
  1030 | D:2      | Found an ornate altar of the Wu Jian Council.
  1529 | D:2      | Reached XP level 4. HP: 28/29 MP: 4/4
  1680 | D:2      | Noticed Robin
  1705 | D:2      | Killed Robin
  2004 | D:3      | Found a shattered altar of Ashenzari.
  2148 | D:3      | Noticed Ijyb
  2149 | D:3      | HP: 1/29 [acid (12)]
  2150 | D:3      | Killed from afar by Ijyb

Vault maps used:
D:1:      dpeg_arrival_chase
D:2:      lemuel_round_altar, uniq_robin
D:3:      old_standard_altar, xom_redecorated, uniq_ijyb

Skill      XL: |  1  2  3  4 |
---------------+-------------+-----
Long Blades    | 2 3 |  3.1
Fighting       | |  3.9
Armour         | |  3.9
Shields        | |  3.9

Action                   |  1- 3 |  4- 6 || total
-------------------------+-------+-------++-------
Melee: Long sword        |   161 |   101 ||   262
Throw: Throwing net      |       |     1 ||     1
  Eat: Chunk             |     2 |     3 ||     5
Armor: Scale mail        |   139 |    89 ||   228
Dodge: Dodged            |    62 |    55 ||   117
Block: Shield            |    99 |    68 ||   167
       Rpst.: Long sword |    26 |    16 ||    42

Table legend:
 A = Spawn XP
 B = Non-spawn XP
 C = Spawn XP percentage of total XP
 D = Spawn monster count
 E = Non-spawn monster count
 F = Spawn count percentage of total count
 G = Total turns spent on level
                    A         B        C        D         E        F      G
               +---------+---------+-------+---------+---------+-------+---------
         Total |       0 |     148 |   0.0 |       0 |      62 |   0.0 |  2150
               +---------+---------+-------+---------+---------+-------+---------
           D:1 |       0 |      41 |   0.0 |       0 |      21 |   0.0 |   979
           D:2 |       0 |      86 |   0.0 |       0 |      31 |   0.0 |  1014
           D:3 |       0 |      21 |   0.0 |       0 |      10 |   0.0 |   157
               +---------+---------+-------+---------+---------+-------+---------
